Map: Backwater LE

Players

axu

  • Race: Protoss Protoss
  • Spawn Location: 5:00

VOD

Have the link to the VOD?

Description

Time

  • Played on: Jan. 27, 2018, 11:17 p.m.
  • Length: 4:36
Show
View Real Time Build Order
Export as new Build Order

axu Protoss 

Build Orders:  

Get SALT Encoding   

  12  0:03  Probe (Chrono Boost)  
  14  0:21  Probe (Chrono Boost)  
  14  0:37  Pylon  
  14  0:45  Probe (Chrono Boost)  
  15  1:05  Probe (Chrono Boost)  
  15  1:07  Gateway  
  16  1:22  Assimilator, Probe (Chrono Boost)  
  17  1:39  Probe (Chrono Boost)  
  18  2:16  Probe (Chrono Boost)  
  19  2:31  Nexus  
  19  2:41  Cybernetics Core  
  19  2:46  Probe (Chrono Boost)  
  20  3:03  Probe (Chrono Boost)  
  21  3:12  Assimilator  
  21  3:20  Probe (Chrono Boost)  
  21  3:36  Probe (Chrono Boost)  
  22  3:51  Pylon  
  22  3:52  Probe  
  23  4:11  Probe  
Tags
 
Add a new tag
Caveats
  • Supply blocks, unpowered buildings, or Contaminate may cause inaccurate times.
  • Supply counts are checked every 10 seconds.